 Dungeon Crawl Stone Soup version 0.27.1-34-g3ba077fa99 (webtiles) character file.

Game seed: 3942045653197373968

92 sankara the Ruffian (level 4, -8/35 HPs)
             Began as a Minotaur Transmuter on Jan 18, 2022.
             Killed from afar by Ijyb (14 damage)
             ... with an iceblast
             ... on level 3 of the Dungeon.
             The game lasted 00:04:01 (2609 turns).

sankara the Ruffian (Minotaur Transmuter)           Turns: 2609, Time: 00:04:01

Health: -8/35      AC:  2    Str: 14    XL:     4   Next: 35%
Magic:  4/5        EV: 12    Int: 11    God:
Gold:   24         SH:  0    Dex: 11    Spells: 0/6 levels left

rFire    . . .     SeeInvis .     - Unarmed
rCold    . . .     Faith    .   (no shield)
rNeg     . . .     Spirit   .   a - +0 robe
rPois    .         Reflect  .   (helmet currently unavailable)
rElec    .         Harm     .   (no cloak)
rCorr    .         Rampage  .   (no gloves)
Will     .....                  (boots currently unavailable)
Stlth    +.........             (no amulet)
HPRegen  0.11/turn              (no ring)
MPRegen  0.09/turn              (no ring)

@: appendages (expiring)
A: talons 2, horns 2, retaliatory headbutt
a: End Transformation


You were on level 3 of the Dungeon.
You had temporarily grown beastly talons.
You visited 1 branch of the dungeon, and saw 3 of its levels.

You collected 24 gold pieces.

Inventory:

Missiles
 d - 7 boomerangs of dispersal
 f - 12 sling bullets
 h - 102 stones
Armour
 a - a +0 robe (worn)
Scrolls
 c - a scroll of immolation {unknown}
 e - a scroll of blinking {unknown}
 g - 2 scrolls of identify {unknown}
 i - a scroll of fog {unknown}
Potions
 b - 2 potions of invisibility {unknown}
 j - 2 potions of might {unknown}


   Skills:
 - Level 1.2 Fighting
 - Level 2.1 Dodging
 + Level 5.0 Unarmed Combat
 - Level 1.5 Spellcasting
 * Level 2.4 Transmutations
 * Level 0.0 Poison Magic


You couldn't memorise any spells.
You knew the following spells:

 Your Spells              Type           Power      Damage    Failure   Level
a - Beastly Appendage     Tmut           12%        N/A       11%         1
b - Wereblood             Tmut           6%         N/A       17%         2
c - Spider Form           Tmut/Pois      1%         N/A       50%         3

Your spell library contained the following spells:

 Spells                   Type           Power      Damage    Failure   Level
 Ice Form                 Ice/Tmut       3%         N/A       88%         4


Dungeon Overview and Level Annotations

Branches:
Dungeon (3/15)

Altars:
Ru

Shops:
D:1 *[

Annotations:
D:3 Ijyb


Innate Abilities, Weirdness & Mutations

You have temporarily grown beastly talons.
You have a pair of horns on your head.
You reflexively headbutt those who attack you in melee.


Message History

Ijyb is moderately wounded.
The endoplasm barely misses you. Ijyb completely misses you.
You barely miss Ijyb. Your headbutt misses Ijyb.
Ijyb is moderately wounded.
The endoplasm hits you but does no damage.
You hit Ijyb but do no damage.
Ijyb is moderately wounded.
Ijyb hits you with a +0 club. The endoplasm misses you.
You hit Ijyb but do no damage. You headbutt Ijyb.
Ijyb is heavily wounded.
Ijyb barely misses you.
Casting: Beastly Appendage (safe; 11% risk of failure)
Confirm with . or Enter, or press ? or * to list all spells.
Your feet morph into talons.
The endoplasm barely misses you. Ijyb barely misses you.
You hit Ijyb but do no damage. You claw Ijyb. Your headbutt misses Ijyb.
Ijyb is severely wounded.
The endoplasm hits you. Ijyb barely misses you.
You closely miss Ijyb.
Ijyb is severely wounded.
The endoplasm barely misses you. Ijyb hits you with a +0 club.
You barely miss Ijyb.
Ijyb is severely wounded.
The endoplasm freezes you.
You are frozen.
Ijyb hits you with a +0 club.
You miss Ijyb. You claw Ijyb.
Ijyb is severely wounded.
The endoplasm hits you. Ijyb closely misses you.
You hit Ijyb but do no damage.
Ijyb is severely wounded.
The endoplasm freezes you.
You are frozen.
* * * LOW HITPOINT WARNING * * *
Ijyb hits you with a +0 club.
* * * LOW HITPOINT WARNING * * *
Your transformation is almost over.
Ijyb zaps a wand.
The mass of ice explodes!
The iceblast engulfs the endoplasm!
The endoplasm dies!
The iceblast engulfs you!
You die...

######..#≈...≈#..#
>.........#.≈≈≈.#..#
..........#.....#..#
###.. .......#..)#.#..
..... ...#..#.#..#..
#.#.# ##.#.#.#...#..
#.#.# #....)........
##.#.#####..#.####.###.
#..g..@.....#.# #.# #.
#....#........#.# #.#
#. ####.########.#.#
#.# ## #. ###.# #.# #.
..# #.# ## ### .#


You could see Ijyb.

Vanquished Creatures
  A hound (D:3)
  2 adders (D:2)
  3 ball pythons
  9 endoplasms
  3 giant cockroaches (D:1)
  7 goblins
  A hobgoblin (D:1)
  3 jackals (D:1)
  A quokka (D:1)
  3 bats
  2 frilled lizards (D:2)
  2 kobolds
  4 rats
41 creatures vanquished.

Vanquished Creatures (others)
  An endoplasm (D:3)
1 creature vanquished.

Grand Total: 42 creatures vanquished

Notes
Turn   | Place    | Note
-------+----------+-------------------------------------------
     0 | D:1      | sankara the Minotaur Transmuter began the quest for the
                  | Orb.
     0 | D:1      | Reached XP level 1. HP: 16/16 MP: 1/1
   306 | D:1      | Reached XP level 2. HP: 21/23 MP: 1/3
   309 | D:1      | Learned a level 2 spell: Wereblood
   314 | D:1      | Found Othrag's Armour Emporium.
   393 | D:1      | Reached skill level 4 in Unarmed Combat
   584 | D:1      | Found Qaemazar's Assorted Antiques.
  1012 | D:1      | Reached XP level 3. HP: 26/28 MP: 2/4
  1231 | D:2      | You fall into a shaft and drop 1 floor!
  1503 | D:2      | Found a faded altar of an unknown god.
  2394 | D:3      | Reached skill level 5 in Unarmed Combat
  2394 | D:3      | Reached XP level 4. HP: 25/35 MP: 3/5
  2398 | D:3      | Learned a level 3 spell: Spider Form
  2523 | D:3      | Found a sacrificial altar of Ru.
  2585 | D:3      | Noticed Ijyb
  2609 | D:3      | Killed from afar by Ijyb

Illustrated notes

Levels and vault maps discovered:
D:1:      lightli_molten_gateway, layout_basic, serial_shops, shop,
          nicolae_diamond_shop, minivault_23
D:2:      layout_basic, hellmonk_ecumenical_altar_pennies_from_heaven,
          minmay_misc_feat_iff
D:3:      layout_basic, nicolae_ru_awakened_eye, uniq_sigmund, uniq_ijyb,
          uniq_jessica

Skill      XL: |  1  2  3 |
---------------+----------+-----
Unarmed Combat | 4 5 |  5.0
Transmutations | 2 |  2.4
Fighting       | |  1.2
Dodging        | |  2.1
Spellcasting   | |  1.5

Action                   |  1- 3 |  4- 6 || total
-------------------------+-------+-------++-------
Melee: Unarmed           |    71 |    20 ||    91
       Kick              |    10 |     5 ||    15
       Headbutt          |     4 |     3 ||     7
       Punch             |       |     1 ||     1
 Cast: Beastly Appendage |    21 |     5 ||    26
Armor: Robe              |     9 |     1 ||    10
Dodge: Dodged            |    54 |    16 ||    70
